 Dungeon Crawl Stone Soup version 0.25.1-4-g9407a263a5 (webtiles) character file.

Game seed: 11498459007457299569

128 Gabide the Poker (level 5, -2/54 HPs)
             Began as a Human Chaos Knight on Nov 29, 2020.
             Was a Plaything of Xom.
             Slain by a worm (13 damage)
             ... on level 2 of the Dungeon.
             The game lasted 00:03:05 (893 turns).

Gabide the Poker (Human Chaos Knight)                Turns: 893, Time: 00:03:05

Health: -2/54      AC:  5    Str: 13    XL:     5   Next: 33%
Magic:  5/5        EV: 12    Int: 13    God:    Xom [*.....]
Gold:   36         SH:  0    Dex: 12    Spells: 4/4 levels left

rFire    . . .     SeeInvis .   a - +0 spear (chaos)
rCold    . . .     Gourm    .   (no shield)
rNeg     . . .     Faith    .   b - +2 leather armour
rPois    .         Spirit   .   h - +0 hat
rElec    .         Reflect  .   (no cloak)
rCorr    +         Harm     .   (no gloves)
MR       .....                  (no boots)
Stlth    ..........             (no amulet)
HPRegen  0.18/turn              i - ring of resist corrosion
MPRegen  0.09/turn              (no ring)

@: berserking, very quick
A: blurry vision 1, frail 1
a: Renounce Religion


You were on level 2 of the Dungeon.
You worshipped Xom.
You were a special plaything of Xom.
You were not hungry.

You visited 1 branch of the dungeon, and saw 2 of its levels.

You collected 36 gold pieces.

Inventory:

Hand Weapons
 a - a +0 spear of chaos (weapon)
Armour
 b - a +2 leather armour (worn)
 h - a +0 hat (worn)
Jewellery
 i - a ring of resist corrosion (left hand)
Scrolls
 j - a scroll of identify
Potions
 g - a potion of stabbing {unknown}
Comestibles
 c - a ration


   Skills:
 + Level 3.5 Fighting
 * Level 4.4 Polearms
 + Level 2.4 Armour
 * Level 2.1 Dodging
 + Level 1.0 Stealth


You had 4 spell levels left.
You didn't know any spells.
Your spell library was empty.

Dungeon Overview and Level Annotations

Branches:
Dungeon (2/15)

Altars:


Innate Abilities, Weirdness & Mutations

Scrolls take you a little longer to read.
You are frail. (-10% HP)


Message History

Aim: a worm You hit the worm.
The worm is moderately wounded.
The worm completely misses you.
You hit the worm. You freeze the worm.
The worm is heavily wounded.
You hit the worm but do no damage.
The worm goes berserk!
The worm is heavily wounded.
The worm bites you!
* * * LOW HITPOINT WARNING * * *
You hit the worm but do no damage.
The worm is heavily wounded.
The worm bites you but does no damage.
You hit the worm. You freeze the worm.
The worm is heavily wounded.
The worm bites you but does no damage.
It was a potion of berserk rage.
A red film seems to cover your vision as you go berserk!
You feel yourself moving faster!
You feel mighty! The worm bites you!
You die...

..................#
#...<†......<..#
#............##
#..............
#......†..[....
#.#†...........
#.#)...K.##...
..K....#w##
.......>#@#
.....#.###†.#
...#.#.. ##.#
##..#.##. .. .# . #
... #..# .... #....


You could see a worm (berserk) and a kobold.

Vanquished Creatures
  A scorpion (D:2)
  A howler monkey (D:2)
  A gnoll (D:1)
  A worm (D:2)
  A giant cockroach (D:1)
  A hobgoblin (D:1)
  A quokka (D:2)
  7 bats (D:1)
  2 frilled lizards (D:1)
  4 goblins (D:2)
  8 kobolds
  5 rats
33 creatures vanquished.

Notes
Turn   | Place    | Note
-------+----------+-------------------------------------------
     0 | D:1      | Gabide the Human Chaos Knight began the quest for the Orb.
     0 | D:1      | Reached XP level 1. HP: 18/18 MP: 1/1
   100 | D:1      | XOM: potion effect (might)
   102 | D:1      | Reached XP level 2. HP: 24/24 MP: 2/2
   385 | D:1      | XOM: divination: magic mapping
   415 | D:1      | Reached XP level 3. HP: 29/29 MP: 3/3
   561 | D:1      | XOM: give mutations
   561 | D:1      | Gained mutation: You are frail. (-10% HP) [Xom's mischief]
   561 | D:1      | Gained mutation: Scrolls take you a little longer to read.
                  | [Xom's mischief]
   842 | D:2      | Noticed a scorpion
   850 | D:2      | Killed a scorpion
   850 | D:2      | Reached skill level 4 in Polearms
   850 | D:2      | Reached XP level 4. HP: 22/31 MP: 4/4
   861 | D:2      | Reached skill level 1 in Stealth
   861 | D:2      | Reached XP level 5. HP: 16/36 MP: 5/5
   886 | D:2      | XOM: repel stairs
   893 | D:2      | Slain by a worm

Illustrated notes

Levels and vault maps discovered:
D:1:      ncdulo_watergridlock, layout_loops_ring, serial_forest,
          infiniplex_forest_end_2, infiniplex_forest_lined_room_3,
          infiniplex_forest_straight_4, infiniplex_forest_corner_1,
          infiniplex_forest_straight_2, infiniplex_forest_corner_1,
          infiniplex_forest_end_1, infiniplex_forest_end_double
D:2:      layout_rooms, serial_co_window_serial, co_window_paths_a,
          co_window_paths_b, co_window_corner_a, co_window_paths_a,
          co_window_paths_a, co_window_paths_c, co_window_unsneaky_path_c,
          co_window_unsneaky_path_a, glass_columns_b, glass_columns_a,
          glass_columns_c, glass_columns_a, minmay_misc_feat_nine_boxes

Skill      XL: |  1  2  3  4 |
---------------+-------------+-----
Polearms       | 4 |  4.4
Dodging        | 2 |  2.1
Stealth        | 1 |  1.0
Fighting       | |  3.5
Armour         | |  2.4

Action                   |  1- 3 |  4- 6 || total
-------------------------+-------+-------++-------
Melee: Spear             |    77 |    38 ||   115
  Use: Scroll            |     2 |       ||     2
       Potion            |       |     2 ||     2
 Stab: Sleeping          |     3 |       ||     3
       Paralysed         |       |     1 ||     1
Armor: Leather armour    |    16 |     8 ||    24
Dodge: Dodged            |    33 |    16 ||    49
